 Dungeon Crawl Stone Soup version 0.27-a0-1434-g6f15984924 (webtiles) character file.

Game seed: 3705092759243105271

6472 flotson the Fighter (level 10, -7/89 HPs)
             Began as a Grey Draconian Delver on July 4, 2021.
             Was an Initiate of Gozag.
             Killed from afar by Maurice (19 damage)
             ... with a bolt of acid
             ... on level 10 of the Dungeon.
             The game lasted 00:22:38 (11869 turns).

flotson the Fighter (Grey Draconian Delver)        Turns: 11869, Time: 00:22:39

Health: -7/89      AC: 15    Str: 17    XL:     10   Next: 68%
Magic:  10/10      EV: 14    Int: 11    God:    Gozag
Gold:   365        SH:  5    Dex: 13    Spells: 9/9 levels left

rFire    + . .     SeeInvis .   a - +3 trident (freeze)
rCold    . . .     Faith    .   A - +0 buckler
rNeg     . . .     Spirit   .   (armour unavailable)
rPois    .         Reflect  .   (helmet restricted)
rElec    .         Harm     .   H - +2 cloak
rCorr    .         Rampage  .   (no gloves)
Will     .....                  (no boots)
Stlth    +++.......             p - amulet of regeneration
HPRegen  1.24/turn              (no ring)
MPRegen  0.12/turn              e - ring of protection from fire

@: mighty, studying Crossbows
A: AC +12, amphibious, unfitting armour, cold-blooded
a: Renounce Religion, Potion Petition, Call Merchant, Bribe Branch


You were on level 10 of the Dungeon.
You worshipped Gozag.
Gozag was aware of your devotion.
You visited 2 branches of the dungeon, and saw 11 of its levels.

You collected 1487 gold pieces.
You spent 1040 gold pieces at shops.
You paid 82 gold pieces to Gozag.

Inventory:

Hand Weapons
 a - a +3 trident of freezing (weapon)
 z - a +1 scimitar of flaming
Missiles
 c - 57 bolts
 g - 22 poisoned darts (quivered)
 B - 2 throwing nets
 G - 2 boomerangs
Armour
 A - a +0 buckler (worn)
 H - a +2 cloak (worn)
 I - a +2 hat of willpower
Jewellery
 e - a ring of protection from fire (right hand)
 k - a ring of ice
 p - an amulet of regeneration (around neck)
Wands
 f - a wand of digging (3)
Scrolls
 d - 2 scrolls of fear
 n - 3 scrolls of enchant weapon {unknown}
 o - 2 scrolls of magic mapping
 q - a scroll of amnesia {unknown}
 s - a scroll of torment {unknown}
 v - a scroll of fog
 w - 3 scrolls of teleportation
 x - a scroll of blinking {unknown}
 y - a scroll of immolation {unknown}
 C - 2 scrolls of enchant armour {unknown}
 K - a scroll of identify
Potions
 i - a potion of magic
 j - 3 potions of attraction
 r - a potion of cancellation
 t - 2 potions of brilliance
 u - 6 potions of curing
 E - a potion of resistance {unknown}
 F - a potion of ambrosia {unknown}


   Skills:
 + Level 8.3 Fighting
 + Level 7.3 Axes
 + Level 2.5 Crossbows
 + Level 6.3 Throwing
 + Level 6.6 Dodging
 - Level 4.5 Stealth
 - Level 4.0 Shields
 + Level 6.7 Evocations


You had 9 spell levels left.
You didn't know any spells.
Your spell library contained the following spells:

 Spells                   Type           Power      Damage    Failure   Level
 Animate Skeleton         Necr           0%         N/A       34%         1
 Apportation              Tloc           0%         N/A       34%         1
 Beastly Appendage        Tmut           0%         N/A       34%         1
 Corona                   Hex            0%         N/A       34%         1
 Pain                     Necr           0%         1d4       34%         1
 Summon Small Mammal      Summ           0%         N/A       34%         1
 Ensorcelled Hibernation  Hex/Ice        0%         N/A       47%         2
 Passwall                 Tmut/Erth      0%         N/A       47%         2
 Wereblood                Tmut           0%         N/A       47%         2
 Conjure Flame            Conj/Fire      0%         6-21      71%         3
 Ignite Poison            Fire/Tmut/Pois 0%         N/A       71%         3
 Mephitic Cloud           Conj/Pois/Air  0%         N/A       71%         3
 Spider Form              Tmut/Pois      0%         N/A       71%         3
 Swiftness                Air            0%         N/A       71%         3
 Tukima's Dance           Hex            0%         N/A       71%         3
 Vampiric Draining        Necr           0%         2d6       71%         3
 Sticky Flame             Conj/Fire      0%         2d3       98%         4
 Bolt of Magma            Conj/Fire/Erth 0%         4d4       100%        5
 Invisibility             Hex            0%         N/A       100%        6


Dungeon Overview and Level Annotations

Branches:
Dungeon (10/15)            Temple (1/1) D:4
   Lair: D:8-11         Orc: D:9-12

Altars:
Ashenzari
Cheibriados
Dithmenos
Elyvilon
Fedhas
Gozag
Hepliaklqana
Kikubaaqudgha
Makhleb
Nemelex Xobeh
Okawaru
Qazlal
Ru
Sif Muna
Trog
Uskayaw
Vehumet
Wu Jian
Xom
Yredelemnul
Zin
The Shining One

Shops:
D:4 *   D:9 ((*=

Annotations:
D:10 Maurice


Innate Abilities, Weirdness & Mutations

Your dull iron-grey scales are very hard. (AC +12)
You are amphibious.
You cannot fit into any form of body armour.
You are cold-blooded and may be slowed by cold attacks.


Message History

You feel sick.
You hear a zap.
A bolt of acid appears from out of thin air!
The bolt of acid hits you! The acid corrodes you!
You are splashed with acid!
You barely miss something.
Your tail-slap misses something.
You feel sick. Something hits you.
Something steals your 2 potions of heal wounds!
You hit something. You freeze something.
You feel sick.
You closely miss something.
You feel sick.
You hear a zap.
A bolt of acid appears from out of thin air!
The bolt of acid misses you.
You closely miss something.
You feel sick. Something hits you but does no damage.
You closely miss something.
You feel sick.
You are no longer poisoned.
Something hits you.
Something steals the +7 hand crossbow "Ahimudy" {flame, rElec}!
You barely miss something. Something hits you but does no damage.
You hit something but do no damage. Something hits you but does no damage.
You hit something but do no damage. Something hits you but does no damage.
You closely miss something.
Your tail-slap misses something.
You hear a zap.
A bolt of acid appears from out of thin air!
The bolt of acid hits you!!
* * * LOW HITPOINT WARNING * * *
The acid corrodes you!
You are splashed with acid!
* * * LOW HITPOINT WARNING * * *
Your magical effects are unravelling.
You feel magically purged.
You are no longer corroded.
Something hits you.
* * * LOW HITPOINT WARNING * * *
Something steals your condenser vane (inert)!
You feel very mighty all of a sudden.
You hear a zap.
A bolt of acid appears from out of thin air!
The bolt of acid hits you!!
You die...
Your body crumbles into a pile of gold.

######## ############ #......#
#..........############ #.....[#
#..........'.#........# #......#
#..........#.#........# #....[.#
#........(.#.#........#
#...(..####.....@{...#..........#
#......#..'..........# #........#
#......'.##..........# #........(
#......####..........# #......(.#
#####'## ######+##### ##.#######
##..# #...## #..## ###..# ###'##
##.# #....# ######.###


There were no monsters in sight!

Vanquished Creatures
  A hydra (D:10)
  An ugly thing (D:8)
  An efreet (D:10)
  A troll (D:7)
  4 yaks (D:8)
  2 wyverns
  4 steam dragons
  A vampire mosquito (D:8)
  2 ice beasts (D:6)
  A black bear (D:3)
  3 orc warriors
  3 necrophages (D:5)
  2 ogres (D:6)
  3 centaurs
  A phantom (D:6)
  3 kobold brigands
  A gnoll sergeant (D:10)
  2 bullfrogs
  A wyvern zombie (D:8)
  2 scorpions
  A water moccasin zombie (D:5)
  14 wights
  4 howler monkeys
  3 centaur zombies
  A hound (D:4)
  An orc priest (D:8)
  5 iguanas
  5 orc wizards
  A killer bee zombie (D:7)
  A hound zombie (D:5)
  A howler monkey zombie (D:8)
  12 gnolls
  13 adders
  2 white imps
  An adder skeleton (D:4)
  A worm (D:3)
  A dart slug (D:3)
  21 orcs
  10 ball pythons
  7 endoplasms
  6 giant cockroaches
  8 hobgoblins
  6 jackals
  3 quokkas
  5 bats
  6 frilled lizards
  8 goblins
  26 kobolds
  6 rats
218 creatures vanquished.

Vanquished Creatures (others)
  2 orcs (D:7)
  59 plants (D:7)
61 creatures vanquished.

Grand Total: 279 creatures vanquished

Notes
Turn   | Place    | Note
-------+----------+-------------------------------------------
     0 | D:5      | flotson the Draconian Delver began the quest for the Orb.
     0 | D:5      | Reached XP level 1. HP: 19/19 MP: 1/1
   150 | D:1      | Reached XP level 2. HP: 26/26 MP: 2/2
  1038 | D:2      | Reached skill level 1 in Evocations
  1038 | D:2      | Reached XP level 3. HP: 27/31 MP: 3/3
  1040 | D:2      | Reached skill level 1 in Throwing
  1773 | D:2      | Reached XP level 4. HP: 38/40 MP: 4/4
  2194 | D:3      | Reached skill level 4 in Fighting
  2343 | D:3      | Reached XP level 5. HP: 46/46 MP: 5/5
  2426 | D:3      | Noticed a black bear
  3259 | D:3      | Killed a black bear
  3260 | D:3      | Reached XP level 6. HP: 53/53 MP: 6/6
  4316 | D:4      | Found a staircase to the Ecumenical Temple.
  4325 | Temple   | Entered the Ecumenical Temple
  4626 | Temple   | Became a worshipper of Gozag Ym Sagoz the Greedy
  4751 | D:4      | Found Moinilih's Serpentskin Sales.
  4754 | D:4      | Your scales start taking on a dull iron-grey colour.
  4754 | D:4      | Reached XP level 7. HP: 60/60 MP: 7/7
  5086 | D:5      | Reached skill level 5 in Fighting
  5126 | D:5      | Found an ornate altar of the Wu Jian Council.
  5229 | D:5      | Found an ancient bone altar of Kikubaaqudgha.
  5442 | D:5      | Reached skill level 1 in Shields
  5875 | D:6      | Reached XP level 8. HP: 68/69 MP: 8/8
  6191 | D:6      | Reached skill level 6 in Fighting
  6191 | D:6      | Reached skill level 5 in Axes
  6797 | D:7      | Reached XP level 9. HP: 75/78 MP: 9/9
  7114 | D:7      | Reached skill level 5 in Dodging
  7331 | D:8      | Found a white marble altar of Elyvilon.
  7400 | D:8      | Reached skill level 5 in Evocations
  7486 | D:8      | Reached skill level 5 in Throwing
  7616 | D:8      | Noticed a cyan ugly thing
  7619 | D:8      | Reached skill level 7 in Fighting
  7888 | D:8      | Reached XP level 10. HP: 77/86 MP: 10/10
  7974 | D:8      | Killed a cyan ugly thing
  8338 | D:7      | Found a glowing silver altar of Zin.
  8426 | D:7      | Found a sparkling altar of Nemelex Xobeh.
  9627 | D:8      | Found a white marble altar of Elyvilon.
 10082 | D:7      | Found a glowing silver altar of Zin.
 10425 | D:7      | Found a sparkling altar of Nemelex Xobeh.
 10576 | D:9      | Found Buhem's Antique Weapon Boutique.
 10579 | D:9      | Found Akuoq's Jewellery Boutique.
 10581 | D:9      | Found Beghen's Weapon Boutique.
 10581 | D:9      | Found Jikkuoxt's General Store.
 10598 | D:9      | Reached skill level 8 in Fighting
 10618 | D:9      | Bought a +2 hat of willpower for 294 gold pieces
 10618 | D:9      | Bought a scroll of identify for 28 gold pieces
 10625 | D:9      | Bought the +7 hand crossbow "Ahimudy" {flame, rElec} for
                  | 718 gold pieces
 11473 | D:10     | Entered Level 10 of the Dungeon
 11529 | D:10     | Reached skill level 1 in Crossbows
 11589 | D:10     | Noticed Maurice
 11698 | D:10     | Noticed a five-headed hydra
 11709 | D:10     | Killed a five-headed hydra
 11743 | D:10     | HP: 3/88 [efreet/bolt of fire (17)]
 11869 | D:10     | Killed from afar by Maurice

Illustrated notes

Levels and vault maps discovered:
D:1:      matt_arrival_diagonals, layout_basic, minmay_nonomino_d4
D:2:      layout_loops_ring
D:3:      wad_river_or_something, layout_basic, serial_bayou_pond_e
D:4:      layout_loops_ring, minmay_temple_entry_arrows, guppyfry_shop_venom
D:5:      layout_basic, nicolae_kikubaaqudgha_miasma_corner, lemuel_doored_altar
D:6:      layout_loops_ring, small_statue_intersection,
          minmay_misc_feat_nine_boxes, chequers_serial_rivers_room_a,
          minmay_bent
D:7:      kennysheep_kobold_camp, layout_basic, kennysheep_mini,
          general_overflow_altar, minmay_chambers_of_fives
D:8:      layout_rooms, kennysheep_little_box, minmay_manual_mail
D:9:      layout_basic, eino_curves_04, minmay_shop_grid_forest
D:10:     layout_roguey, uniq_maurice
Temple:   minmay_temple_bridge_d

Skill      XL: |  1  2  3  4  5  6  7  8  9 10 |
---------------+-------------------------------+-----
Dodging        | 2 3 4 5 6 |  6.6
Evocations     | 1 2 3 4 5 6 |  6.7
Throwing       | 1 2 3 4 5 6 |  6.3
Fighting       | 4 5 6 7 8 |  8.3
Axes           | 3 4 5 6 7 |  7.3
Shields        | 1 3 4 |  4.0
Crossbows      | 2 |  2.5
Stealth        | |  4.5

Action                   |  1- 3 |  4- 6 |  7- 9 | 10-12 || total
-------------------------+-------+-------+-------+-------++-------
Melee: Hand axe          |   123 |    97 |       |       ||   220
       Tailslap          |    11 |    26 |    80 |    24 ||   141
       Flail             |       |    98 |   428 |       ||   526
       Trident           |       |       |    44 |   223 ||   267
 Fire: Hand crossbow     |       |       |       |     4 ||     4
Throw: Dart              |       |    54 |    41 |    13 ||   108
       Throwing net      |       |       |       |     3 ||     3
Evoke: Condenser vane    |       |       |       |     1 ||     1
  Use: Potion            |       |     1 |       |     4 ||     5
       Scroll            |       |       |    10 |     1 ||    11
 Stab: Sleeping          |     8 |     9 |     5 |     2 ||    24
       Distracted        |       |       |     2 |       ||     2
Armor: Skin              |    45 |    68 |   214 |    73 ||   400
Dodge: Dodged            |   106 |   139 |   297 |    95 ||   637
Block: Buckler           |       |       |   117 |    46 ||   163

Table legend: (Time is in decaauts)
 A = Elapsed time spent in this place.
 B = Non-inter-level travel time spent in this place.
 C = Inter-level travel time spent in this place.
 D = Time resting spent in this place.
 E = Time spent auto-exploring this place.
 F = Levels seen in this place.
 G = Mean time per level.
                   A        B        C        D        E       F      G
               +--------+--------+--------+--------+--------+-----+--------+
         Total |  12061 |  11398 |    663 |    275 |   8604 |  11 | 1096.5 |
       Dungeon |  11686 |  11173 |    513 |    275 |   8381 |  10 | 1168.6 |
        Temple |    374 |    224 |    150 |      0 |    223 |   1 |  374.0 |
               +--------+--------+--------+--------+--------+-----+--------+

Top non-repeatable levels by time:
     D:3: 1861 daAuts
     D:7: 1801 daAuts
     D:6: 1661 daAuts
     D:8: 1528 daAuts
     D:2: 1004 daAuts
     D:5: 930 daAuts
     D:1: 926 daAuts
     D:4: 828 daAuts
     D:9: 745 daAuts
    D:10: 399 daAuts
  Temple: 374 daAuts
